AoeStats
← Bonea

Arabia

507964673Analyzed
4v4 RM · 11d ago on Sep 20, 2026· 53m 52s· 8 players
Game mode
Random Map
Map size
Large (8 player)
Population
200
Speed
Normal
Resources
Standard
Victory
Conquest
Starting age
Dark Age
Ending age
Imperial Age
RankedLock teamsTeams togetherTeam positionsShared explorationLock speedFull tech treeHidden civsTurbo modeCheats
Victory
Defeat
🇨🇳 Celts · China
1318
+14
🇨🇳 Franks · China
1317
+15
🇨🇳 Bohemians · China
1278
+16
🇨🇳 Khmer · China
1277
+16
🇮🇳 Tatars · India
1323
-17
🇪🇸 Slavs · Spain
1305
-16
🇺🇸 Turks · United States
1274
-15
🇨🇿 Goths · Czechia
1230
-13
mipolin
6:34 Loom
9:51 Feudal Age
10:42 Double-Bit Axe
10:29 Man-at-Arms
11:02 Horse Collar
20:20 Arson
32:50 Castle Age
32:18 Scale Barding Armor
32:16 Scale Mail Armor
33:48 Long Swordsman
34:14 Gambesons
34:47 Chain Mail Armor
34:43 Forging
36:43 Forging
37:10 Gold Mining
38:01 Bow Saw
40:04 Stone Mining
52:48 Imperial Age
52:04 Iron Casting
52:17 Gold Shaft Mining
psrycc
1:00 Loom
11:19 Feudal Age
22:46 Castle Age
20:39 Horse Collar
21:28 Double-Bit Axe
22:53 Wheelbarrow
22:53 Scale Mail Armor
23:40 Pikeman
24:23 Squires
25:00 Bow Saw
26:21 Heavy Plow
28:12 Hand Cart
33:56 Imperial Age
32:17 Arson
32:47 Forging
32:53 Chain Mail Armor
35:00 Conscription
35:31 Wagenburg Tactics
37:40 Two-Man Saw
37:38 Plate Mail Armor
37:44 Iron Casting
39:00 Hussite Reforms
39:17 Fletching
39:31 Padded Archer Armor
39:43 Elite Hussite Wagon
40:52 Ballistics
40:24 Treadmill Crane
40:56 Halberdier
42:47 Chemistry
42:01 Masonry
42:57 Blast Furnace
41:54 Bodkin Arrow
42:15 Leather Archer Armor
47:07 Houfnice
50:23 Bombard Tower
54:27 Architecture
54:21 Siege Engineers
2265138721
9:08 Feudal Age
9:17 Loom
9:58 Double-Bit Axe
13:01 Scale Barding Armor
22:14 Castle Age
21:50 Gold Mining
23:30 Chain Barding Armor
23:21 Forging
24:00 Bow Saw
24:04 Husbandry
25:58 Wheelbarrow
30:52 Iron Casting
37:55 Imperial Age
36:11 Hand Cart
35:58 Stone Mining
36:43 Gold Shaft Mining
37:32 Scale Mail Armor
38:09 Ballistics
38:36 Chain Mail Armor
42:22 Plate Mail Armor
42:52 Blast Furnace
42:58 #83
42:59 Conscription
46:15 Chemistry
48:29 Elite Throwing Axeman
Bonea
9:28 Loom
9:37 Loom
12:10 Feudal Age
17:39 Castle Age
15:58 Double-Bit Axe
16:04 Horse Collar
16:55 Fletching
17:46 Crossbowman
20:17 Bodkin Arrow
21:40 Padded Archer Armor
21:31 Elite Skirmisher
26:56 Wheelbarrow
27:43 Leather Archer Armor
29:20 Ballistics
31:21 Gold Mining
31:42 Bow Saw
31:33 Heavy Plow
33:27 Hand Cart
36:00 Imperial Age
34:35 Scale Barding Armor
34:44 Forging
36:24 Chain Barding Armor
36:21 Town Watch
36:49 Bracer
37:20 Ring Archer Armor
37:51 Chemistry
38:04 Iron Casting
38:04 Conscription
39:55 Parthian Tactics
40:24 Plate Barding Armor
39:52 Scale Mail Armor
39:58 Arbalester
41:59 Double Crossbow
44:08 Pikeman
46:41 Coinage
46:11 Caravan
45:50 Elite Ballista Elephant
46:46 Halberdier
47:43 Chain Mail Armor
48:28 Blast Furnace
48:24 Banking
48:28 Stone Mining
49:13 Gold Shaft Mining
50:25 Crop Rotation
50:34 Stone Shaft Mining
51:54 Hoardings
51:22 Tusk Swords
51:27 Town Patrol
51:40 Masonry
51:25 Murder Holes
54:55 Architecture
54:31 Siege Engineers
Limako
5:36 Loom
10:01 Feudal Age
12:52 Double-Bit Axe
13:28 Fletching
19:04 Castle Age
19:13 Elite Skirmisher
20:52 Bodkin Arrow
23:35 Forging
23:44 Stone Mining
23:46 Gold Mining
26:36 Horse Collar
28:46 Wheelbarrow
29:16 Scale Barding Armor
31:51 Chain Barding Armor
34:25 Padded Archer Armor
39:27 Imperial Age
39:54 Iron Casting
42:44 Elite Boyar
44:06 Bloodlines
45:33 Onager
52:53 Hand Cart
[82AD] WindCraft
9:28 Feudal Age
10:43 Man-at-Arms
14:04 Forging
16:18 Scale Mail Armor
19:36 Double-Bit Axe
23:57 Castle Age
21:43 Loom
23:49 Horse Collar
24:24 Long Swordsman
24:25 Pikeman
26:05 Iron Casting
26:36 Squires
27:50 Bow Saw
27:44 Heavy Plow
29:41 Wheelbarrow
31:05 Hand Cart
31:31 Chain Mail Armor
39:47 Imperial Age
37:28 Stone Mining
39:01 Anarchy
41:00 Conscription
41:51 Blast Furnace
40:22 Two-Handed Swordsman
40:56 Gold Mining
44:07 Perfusion
44:18 Halberdier
44:24 Halberdier
48:19 Elite Huskarl
BrownBomber81
5:04 Loom
9:45 Feudal Age
10:25 Double-Bit Axe
10:23 Horse Collar
19:15 Forging
23:20 Wheelbarrow
24:43 Bloodlines
27:40 Castle Age
25:34 Fletching
27:51 Scale Mail Armor
33:22 Husbandry
36:31 Bow Saw
37:13 Scale Barding Armor
38:26 Chain Barding Armor
Lucky23
8:59 Feudal Age
9:50 Double-Bit Axe
11:29 Horse Collar
19:28 Castle Age
18:28 Bloodlines
19:14 Fletching
20:04 Padded Archer Armor
21:02 Bodkin Arrow
21:47 Husbandry
23:15 Ballistics
24:21 Loom
24:53 Light Cavalry
30:31 Leather Archer Armor
30:39 Gold Mining
34:09 Wheelbarrow
37:26 Imperial Age
35:25 Scale Barding Armor
38:08 Silk Armor
38:32 Chain Barding Armor
38:23 Forging
37:41 Heavy Cavalry Archer
38:23 Bracer
38:58 Ring Archer Armor
38:48 Chain Barding Armor
39:31 Chemistry
38:58 Conscription
38:09 Hussar
39:05 Forging
42:01 Plate Barding Armor
44:18 Hand Cart
46:54 Forging
49:07 Timurid Siegecraft
49:35 Capped Ram
Connection lost

Rejoining the realm…

Still unreachable

The connection could not be restored.

Session expired

The server has moved on; the page needs a fresh start.